[ AOE2 MATCH · #506020253 ]
UnrankedIncas vs Cumans
Player's team · WIN
Rival team · LOSS
[ REPLAY ANALYSIS · EXTRACTED FROM THE RECORDED GAME ]
Feudal
9:30
Castle
30:15
Imperial
—
| APM avg | 34.2 |
| APM peak | 70 |
| eAPM avg | 12.2 |
| Villagers / military | 57 / 0 |
Focus
⚔️ 52.0% · 🌾 48.0%
Unknown (2550) ×153
Feudal
9:19
Castle
26:22
Imperial
—
| APM avg | 46.6 |
| APM peak | 87 |
| eAPM avg | 22.5 |
| Villagers / military | 97 / 82 |
Focus
⚔️ 32.3% · 🌾 67.7%
Militia ×73 · Kipchak ×7 · Battering Ram ×2
Match map
Initial resources + every placement click. Lines = walls · curves = elevation contours. ◆ gold · ⬟ stone · ● berries · ✦ relic · ◌ wall gap
Your base· ✓ Closed at 30:15 · 0t walls · 1 gate(s)
jube's base· ✓ Closed at 26:22 · 13t walls · 1 gate(s)
Smoothed initial terrain · ◌ = detected wall gap · hover for details
Inputs per minute
— Movinup14 - - jube
Build order — Movinup14
First 150 of 183 actions detected
| 0:01 | Queue | Villager (Male) |
| 0:03 | Build | House |
| 0:08 | Queue | Villager (Male) |
| 0:08 | Queue | Villager (Male) |
| 0:08 | Queue | Villager (Male) |
| 1:12 | Queue | Villager (Male) |
| 1:51 | Queue | Villager (Male) |
| 1:54 | Build | Settlement |
| 2:22 | Queue | Villager (Male) |
| 2:23 | Queue | Villager (Male) |
| 2:23 | Queue | Villager (Male) |
| 3:08 | Queue | Villager (Male) |
| 3:08 | Queue | Villager (Male) |
| 4:23 | Queue | Villager (Male) |
| 4:23 | Queue | Villager (Male) |
| 4:24 | Queue | Villager (Male) |
| 5:01 | Queue | Villager (Male) |
| 5:32 | Queue | Villager (Male) |
| 5:33 | Queue | Villager (Male) |
| 5:43 | Build | Settlement |
| 6:30 | Queue | Villager (Male) |
| 6:32 | Queue | Villager (Male) |
| 6:33 | Queue | Villager (Male) |
| 6:38 | Research | Loom |
| 7:06 | Research | Feudal Age |
| 7:25 | Build | Barracks |
| 7:36 | Research | Loom |
| 8:10 | Build | Barracks |
| 8:23 | Queue | Villager (Male) |
| 8:23 | Queue | Villager (Male) |
| 8:36 | Queue | Unit 2550 |
| 8:43 | Build | House |
| 9:16 | Queue | Unit 2550 |
| 9:30 | Age | Feudal Age |
| 10:12 | Research | Tech 1402 |
| 10:18 | Queue | Villager (Male) |
| 10:23 | Build | Barracks |
| 10:25 | Build | Farm |
| 10:26 | Build | Farm |
| 10:30 | Build | Farm |
| 10:44 | Queue | Unit 2550 |
| 11:10 | Queue | Villager (Male) |
| 11:13 | Queue | Unit 2550 |
| 11:25 | Queue | Villager (Male) |
| 11:25 | Queue | Villager (Male) |
| 11:34 | Build | House |
| 12:11 | Queue | Villager (Male) |
| 12:13 | Queue | Unit 2550 |
| 12:14 | Queue | Unit 2550 |
| 12:17 | Build | Blacksmith |
| 12:26 | Queue | Unit 2550 ×2 |
| 12:56 | Build | Watch Tower |
| 13:05 | Queue | Unit 2550 |
| 13:05 | Queue | Unit 2550 |
| 13:06 | Queue | Villager (Male) |
| 13:07 | Queue | Villager (Male) |
| 13:22 | Build | Watch Tower |
| 13:32 | Build | Farm |
| 13:34 | Research | Scale Mail Armor |
| 13:36 | Build | House |
| 13:39 | Build | Farm |
| 13:42 | Build | Farm |
| 13:45 | Queue | Unit 2550 |
| 14:53 | Research | Forging |
| 15:44 | Build | Watch Tower |
| 16:00 | Queue | Villager (Male) |
| 16:01 | Queue | Villager (Male) |
| 16:03 | Queue | Unit 2550 ×2 |
| 16:27 | Build | Farm |
| 16:28 | Build | Farm |
| 16:28 | Build | Farm |
| 16:28 | Build | Farm |
| 16:30 | Build | Farm |
| 16:33 | Build | House |
| 16:36 | Build | Farm |
| 16:36 | Build | Farm |
| 16:36 | Build | Farm |
| 16:36 | Build | Farm |
| 16:39 | Queue | Unit 2550 |
| 16:39 | Queue | Unit 2550 |
| 17:17 | Build | Settlement |
| 17:32 | Research | Fletching |
| 17:34 | Queue | Villager (Male) |
| 17:42 | Build | Farm |
| 19:10 | Queue | Villager (Male) |
| 19:11 | Queue | Villager (Male) |
| 19:13 | Queue | Unit 2550 ×5 |
| 19:23 | Research | Arson |
| 19:32 | Build | Palisade Gate |
| 19:35 | Build | House |
| 19:40 | Research | Double-Bit Axe |
| 19:42 | Queue | Unit 2550 ×4 |
| 20:12 | Queue | Unit 2550 ×2 |
| 20:37 | Build | Watch Tower |
| 20:49 | Queue | Villager (Male) |
| 20:50 | Queue | Villager (Male) |
| 20:52 | Queue | Unit 2550 ×2 |
| 20:57 | Build | Farm |
| 20:57 | Build | Farm |
| 20:57 | Build | Farm |
| 20:57 | Build | Farm |
| 20:59 | Build | Farm |
| 21:02 | Build | Farm |
| 21:15 | Queue | Unit 2550 |
| 21:15 | Queue | Unit 2550 |
| 21:43 | Queue | Villager (Male) |
| 21:43 | Queue | Villager (Male) |
| 21:45 | Queue | Unit 2550 |
| 22:37 | Queue | Unit 2550 ×2 |
| 22:38 | Queue | Villager (Male) |
| 22:38 | Queue | Villager (Male) |
| 23:03 | Queue | Villager (Male) |
| 23:11 | Build | Market |
| 23:15 | Research | Horse Collar |
| 23:18 | Queue | Unit 2550 ×4 |
| 23:29 | Build | House |
| 23:31 | Build | House |
| 24:09 | Queue | Villager (Male) |
| 24:10 | Queue | Villager (Male) |
| 24:11 | Queue | Unit 2550 ×4 |
| 24:17 | Queue | Unit 2550 ×4 |
| 25:05 | Queue | Villager (Male) |
| 25:06 | Queue | Villager (Male) |
| 25:07 | Queue | Unit 2550 ×5 |
| 25:53 | Queue | Unit 2550 ×5 |
| 27:35 | Research | Castle Age |
| 27:35 | Research | Castle Age |
| 27:46 | Build | Farm |
| 27:46 | Build | Farm |
| 27:46 | Build | Farm |
| 27:51 | Queue | Unit 2550 ×2 |
| 28:32 | Queue | Unit 2550 ×5 |
| 28:32 | Queue | Unit 2550 ×2 |
| 29:23 | Queue | Unit 2550 ×5 |
| 29:33 | Research | Gold Mining |
| 29:57 | Queue | Villager (Male) |
| 30:08 | Queue | Villager (Male) |
| 30:15 | Age | Castle Age |
| 30:18 | Research | Chain Mail Armor |
| 30:20 | Research | Tech 1351 |
| 30:21 | Research | Squires |
| 30:34 | Queue | Villager (Male) |
| 30:34 | Queue | Villager (Male) |
| 31:17 | Research | Iron Casting |
| 31:54 | Queue | Unit 2550 ×5 |
| 31:54 | Queue | Unit 2550 ×4 |
| 31:54 | Queue | Unit 2550 |
| 32:38 | Queue | Unit 2550 ×5 |
| 32:38 | Queue | Unit 2550 ×3 |
| 32:39 | Queue | Unit 2550 ×3 |
Build order — jube
First 150 of 278 actions detected
| 0:01 | Queue | Villager (Male) ×4 |
| 0:02 | Build | House |
| 0:03 | Build | House |
| 1:39 | Queue | Villager (Male) |
| 1:51 | Build | Lumber Camp |
| 2:07 | Queue | Villager (Male) |
| 2:25 | Queue | Villager (Male) |
| 2:49 | Queue | Villager (Male) |
| 3:13 | Queue | Villager (Male) |
| 3:36 | Build | House |
| 3:42 | Queue | Villager (Male) |
| 4:12 | Queue | Villager (Male) |
| 4:28 | Queue | Villager (Male) |
| 4:58 | Queue | Villager (Male) |
| 5:08 | Build | Mill |
| 5:14 | Queue | Villager (Male) |
| 5:27 | Queue | Villager (Male) |
| 5:48 | Queue | Villager (Male) |
| 5:51 | Research | Loom |
| 7:09 | Research | Feudal Age |
| 7:48 | Build | House |
| 8:29 | Build | Palisade Gate |
| 8:48 | Queue | Villager (Male) |
| 8:49 | Queue | Villager (Male) |
| 9:11 | Build | House |
| 9:18 | Build | Palisade Wall |
| 9:19 | Age | Feudal Age |
| 9:22 | Build | Town Center |
| 9:25 | Research | Double-Bit Axe |
| 9:28 | Queue | Villager (Male) |
| 10:04 | Queue | Villager (Male) |
| 10:31 | Build | Barracks |
| 10:38 | Queue | Villager (Male) |
| 10:52 | Research | Horse Collar |
| 10:56 | Build | Farm |
| 11:03 | Queue | Villager (Male) |
| 11:09 | Build | Farm |
| 11:20 | Build | Farm |
| 11:25 | Queue | Villager (Male) |
| 11:29 | Build | Farm |
| 11:32 | Queue | Villager (Male) |
| 11:36 | Build | Farm |
| 12:09 | Research | Man-at-Arms (upgrade) |
| 12:20 | Build | Farm |
| 12:23 | Queue | Villager (Male) |
| 12:28 | Build | Farm |
| 12:35 | Build | House |
| 12:41 | Queue | Villager (Male) |
| 12:52 | Build | Farm |
| 13:00 | Build | Farm |
| 13:02 | Build | Farm |
| 13:06 | Queue | Villager (Male) |
| 13:07 | Queue | Villager (Male) |
| 13:32 | Queue | Villager (Male) |
| 13:37 | Queue | Militia |
| 13:37 | Queue | Militia |
| 13:46 | Build | Farm |
| 13:47 | Build | Farm |
| 13:48 | Build | Farm |
| 13:49 | Build | Farm |
| 13:52 | Queue | Villager (Male) |
| 13:52 | Queue | Villager (Male) |
| 14:00 | Queue | Militia |
| 14:10 | Queue | Militia |
| 14:14 | Build | Farm |
| 14:29 | Queue | Militia |
| 14:36 | Build | Farm |
| 14:37 | Queue | Villager (Male) |
| 14:51 | Queue | Villager (Male) |
| 15:06 | Queue | Villager (Male) |
| 15:24 | Queue | Villager (Male) |
| 15:30 | Build | House |
| 15:31 | Build | House |
| 15:38 | Queue | Militia |
| 16:00 | Queue | Villager (Male) |
| 16:05 | Build | Barracks |
| 16:41 | Queue | Villager (Male) |
| 16:43 | Build | Blacksmith |
| 16:49 | Build | Lumber Camp |
| 16:58 | Build | Farm |
| 16:59 | Build | Farm |
| 17:01 | Queue | Militia |
| 17:01 | Queue | Militia |
| 17:01 | Queue | Militia |
| 17:09 | Build | Farm |
| 17:19 | Queue | Villager (Male) |
| 17:20 | Queue | Villager (Male) |
| 17:20 | Queue | Villager (Male) |
| 17:32 | Research | Wheelbarrow |
| 17:55 | Build | Mining Camp |
| 17:57 | Queue | Villager (Male) |
| 17:57 | Queue | Villager (Male) |
| 18:21 | Queue | Villager (Male) |
| 18:23 | Queue | Militia |
| 18:24 | Queue | Militia |
| 18:42 | Build | House |
| 18:43 | Build | House |
| 18:51 | Queue | Militia |
| 18:51 | Queue | Militia |
| 19:00 | Build | Farm |
| 19:02 | Build | Farm |
| 19:12 | Queue | Militia |
| 19:20 | Queue | Villager (Male) |
| 19:28 | Build | Palisade Wall |
| 19:32 | Build | Palisade Wall |
| 19:34 | Build | Palisade Wall |
| 19:41 | Queue | Villager (Male) |
| 19:52 | Build | Farm |
| 20:00 | Queue | Villager (Male) |
| 20:00 | Queue | Villager (Male) |
| 20:08 | Queue | Militia |
| 20:09 | Queue | Militia |
| 20:09 | Queue | Militia |
| 20:19 | Queue | Villager (Male) |
| 20:33 | Build | Market |
| 20:37 | Queue | Villager (Male) |
| 20:37 | Queue | Villager (Male) |
| 20:58 | Build | Siege Workshop |
| 21:02 | Queue | Villager (Male) |
| 21:05 | Queue | Villager (Male) |
| 21:30 | Queue | Militia |
| 21:31 | Research | Forging |
| 21:37 | Build | House |
| 21:38 | Build | House |
| 21:40 | Build | House |
| 21:41 | Build | House |
| 21:45 | Queue | Battering Ram |
| 21:45 | Queue | Battering Ram |
| 21:57 | Queue | Villager (Male) |
| 22:11 | Queue | Villager (Male) |
| 22:11 | Queue | Villager (Male) |
| 22:16 | Build | Farm |
| 22:31 | Queue | Militia |
| 22:31 | Queue | Militia |
| 23:01 | Queue | Militia |
| 23:01 | Queue | Militia |
| 23:42 | Research | Castle Age |
| 24:11 | Queue | Militia |
| 24:11 | Queue | Militia |
| 24:15 | Queue | Villager (Male) |
| 24:48 | Queue | Militia |
| 24:48 | Queue | Militia |
| 24:48 | Queue | Militia |
| 24:52 | Queue | Villager (Male) |
| 25:09 | Queue | Villager (Male) |
| 25:10 | Queue | Villager (Male) |
| 25:34 | Queue | Militia |
| 25:36 | Queue | Villager (Male) |
| 26:02 | Queue | Militia |
| 26:13 | Queue | Militia |
Match timeline
| 7:25 | Movinup14 · first_building Barracks |
| 9:18 | jube · wall_segment Palisade Wall x10 |
| 9:19 | jube · age_up feudal |
| 9:30 | Movinup14 · age_up feudal |
| 10:31 | jube · first_building Barracks |
| 19:28 | jube · wall_segment Palisade Wall x1 |
| 19:32 | jube · wall_segment Palisade Wall x1 |
| 19:34 | jube · wall_segment Palisade Wall x1 |
| 20:58 | jube · first_building Siege Workshop |
| 21:22 | jube · first_market_sell 100 wood |
| 21:23 | jube · first_market_buy 100 food |
| 24:14 | Movinup14 · first_market_sell 100 food |
| 26:22 | jube · age_up castle |
| 27:03 | jube · wall_segment Palisade Wall x1 |
| 27:07 | jube · wall_segment Palisade Wall x1 |
| 30:15 | Movinup14 · age_up castle |
| 33:06 | jube · first_building Castle |
| 37:57 | jube · resign |
[ AI ANALYSIS · 1 CREDIT ]
What really happened in this match?
Wolo.gg analyzes every decision: build order, eco, micro, common mistakes by bracket. Personalized analysis on WhatsApp or Discord in 30 seconds.
Civ guide
Incas
Perfil
Jugador #2538185